 Dungeon Crawl Stone Soup version 0.28.0-53-g5a82cb258f (webtiles) character file.

Game seed: 5491045498504095281

247 pkoi the Stinger (level 5, -6/38 HPs)
             Began as a Demigod Venom Mage on June 5, 2022.
             Killed from afar by a kobold (15 damage)
             ... with an iceblast
             ... on level 5 of the Dungeon.
             The game lasted 00:06:56 (5168 turns).

pkoi the Stinger (Demigod Venom Mage)               Turns: 5168, Time: 00:06:56

Health: -6/38      AC:  6    Str:  9    XL:     5   Next: 54%
Magic:  1/10       EV: 12    Int: 21    God:
Gold:   206        SH:  5    Dex: 14    Spells: 4/7 levels left

rFire   . . .      SeeInvis .   i - +0 short sword
rCold   . . .      Faith    .   (no shield)
rNeg    . . .      Spirit   .   a - +0 robe
rPois   +          Reflect  +   (no helmet)
rElec   .          Harm     .   j - +2 cloak
rCorr   .          Rampage  .   (no gloves)
Will    .....                   b - +0 pair of boots
Stlth   ++........              m - amulet of reflection
HPRegen 0.12/turn               h - ring of poison resistance
MPRegen 0.12/turn               (no ring)

@: no status effects
A: high MP 1, forlorn, divine attributes
a: no special abilities


You were on level 5 of the Dungeon.
You visited 1 branch of the dungeon, and saw 5 of its levels.

You collected 206 gold pieces.

Inventory:

Hand Weapons
 i - a +0 short sword (weapon)
Armour
 a - a +0 robe (worn)
 b - a +0 pair of boots (worn)
 j - a +2 cloak (worn)
Jewellery
 h - a ring of poison resistance (left hand)
 m - an amulet of reflection (around neck)
 p - a +6 ring of dexterity
Scrolls
 c - 2 scrolls of holy word {unknown}
 g - 3 scrolls of identify
Potions
 d - a potion of resistance {unknown}
 e - 2 potions of curing {unknown}
 f - a potion of might
 k - a potion of mutation {unknown}
 l - a potion of lignification
 n - a potion of haste {unknown}
 o - a potion of heal wounds {unknown}


   Skills:
 - Level 1.7 Dodging
 - Level 1.7 Stealth
 - Level 1.7 Spellcasting
 - Level 0.8 Transmutations
 - Level 3.0 Air Magic
 + Level 5.1 Poison Magic


You had 4 spell levels left.
You knew the following spells:

 Your Spells              Type           Power      Damage    Failure   Level
a - Sting                 Tmut/Pois      56%        1d5       4%          1
b - Poisonous Vapours     Pois/Air       36%        N/A       4%          2

Your spell library contained the following spells:

 Spells                   Type           Power      Damage    Failure   Level
 Beastly Appendage        Tmut           10%        N/A       11%         1
 Corpse Rot               Necr/Air       16%        N/A       12%         2
 Spider Form              Tmut/Pois      14%        N/A       13%         3
 Wereblood                Tmut           5%         N/A       16%         2
 Mephitic Cloud           Conj/Pois/Air  13%        N/A       16%         3
 Olgreb's Toxic Radiance  Pois           23%        N/A       19%         4
 Dispel Undead            Necr           1%         3d6       83%         4
 Death Channel            Necr           0%         N/A       100%        6


Dungeon Overview and Level Annotations

Branches:
Dungeon (4/15)
 Temple: D:4-7


Innate Abilities, Weirdness & Mutations

You have an increased reservoir of magic. (+10% MP)
You shall have no god before yourself.
Your divine heritage dramatically boosts your attributes as you level up.


Message History

The kobold brigand barely misses you.
You barely miss the kobold brigand.
The kobold brigand is moderately wounded.
The kobold brigand hits you with a +0 club.
You hit the kobold brigand.
The kobold brigand is moderately wounded.
You block the kobold's attack.
The kobold brigand hits you but does no damage.
The kobold hits you with a +0 club.
The kobold brigand hits you but does no damage.
The kobold brigand hits you with a +0 club.
* * * LOW HITPOINT WARNING * * *
Aiming: Sting (safe; 4% risk of failure)
Press: ? - help, Q - select action, (/) - cycle Shift-Dir - straight line, f/p - kobold brigand
Aim: a kobold brigand, wielding a +0 club and quivering curare-tipped darts (heavily wounded, very poisoned, 64% to hit)
The sting hits the kobold brigand but does no damage.
The kobold brigand looks even sicker.
The kobold brigand is heavily wounded.
The kobold brigand hits you with a +0 club.
* * * LOW HITPOINT WARNING * * *
The kobold hits you with a +0 club.
* * * LOW HITPOINT WARNING * * *
Aiming: Sting (safe; 4% risk of failure)
Press: ? - help, Q - select action, (/) - cycle Shift-Dir - straight line, f/p - kobold brigand
Aim: a kobold brigand, wielding a +0 club and quivering curare-tipped darts (severely wounded, very poisoned, 64% to hit)
The sting hits the kobold brigand.
The kobold brigand looks as sick as possible!
The kobold brigand is severely wounded.
The kobold brigand barely misses you. You block the kobold's attack.
You see here a +0 dagger.
The kobold brigand throws a curare-tipped dart.
The curare-tipped dart hits you.
The kobold zaps a wand.
The mass of ice explodes!
The iceblast engulfs you!
* * * LOW HITPOINT WARNING * * *
Things that are here:
a +0 dagger; a +0 club; a kobold corpse Unknown command.
You kill the kobold brigand!
The kobold zaps a wand.
The mass of ice explodes!
The iceblast engulfs you!
You die...

#+# #.## #######
#..###.....###
#....)...)@).######
#...).#####K.)....###..
#.#####≈≈≈###..........#
#)# ≈≈≈≈≈≈≈######...###
#.# #≈≈≈≈≈≈≈≈ ####
........# ###≈≈≈####
.....#..# ###.. ....
#..# .. ... ##.#


You could see a kobold.

Vanquished Creatures
  A black bear (D:4)
  A kobold brigand (D:5)
  An orc priest (D:4)
  2 gnolls (D:4)
  An adder (D:3)
  A white imp (D:3)
  2 worms (D:2)
  3 dart slugs
  4 orcs
  9 endoplasms
  2 giant cockroaches (D:3)
  2 goblins
  9 hobgoblins
  15 kobolds
  6 quokkas
  8 ball pythons
  6 bats
  3 frilled lizards
  A quokka skeleton (D:4)
  4 rats
81 creatures vanquished.

Vanquished Creatures (others)
  A gnoll (D:4)
  9 fungi (D:3)
  2 toadstools (D:3)
12 creatures vanquished.

Grand Total: 93 creatures vanquished

Notes
Turn   | Place    | Note
-------+----------+-------------------------------------------
     0 | D:1      | pkoi the Demigod Venom Mage began the quest for the Orb.
     0 | D:1      | Reached XP level 1. HP: 14/14 MP: 5/5
   124 | D:1      | Reached skill level 3 in Poison Magic
   278 | D:1      | Reached XP level 2. HP: 20/20 MP: 5/7
   844 | D:1      | Learned a level 2 spell: Poisonous Vapours
  1604 | D:2      | Reached XP level 3. HP: 26/26 MP: 6/8
  1866 | D:2      | Reached skill level 1 in Air Magic
  2107 | D:2      | Reached skill level 4 in Poison Magic
  3092 | D:3      | Reached XP level 4. HP: 33/33 MP: 2/9
  3685 | D:4      | Noticed a black bear
  3754 | D:4      | Killed a black bear
  3755 | D:4      | Reached XP level 5. HP: 38/38 MP: 4/10
  4829 | D:4      | Reached skill level 5 in Poison Magic
  5050 | D:4      | You fall into a shaft and drop 1 floor!
  5050 | D:5      | Entered Level 5 of the Dungeon
  5168 | D:5      | Killed from afar by a kobold

Illustrated notes

Levels and vault maps discovered:
D:1:      dpeg_arrival_boxes_within_box, layout_loops_ring, minmay_bisected
D:2:      layout_rooms, shapermc_ecumenical_altar_petra, basic_altar,
          serial_aquarium, aquarium_bridge_straight [aquarium_subvault_bridge,
          aquarium_subvault_wall, aquarium_subvault_bridge,
          aquarium_subvault_balcony], aquarium_window_2, aquarium_window_fake,
          aquarium_window_3, aquarium_view_4, aquarium_view_2e
D:3:      layout_loops_ring, minmay_gold_behind_fungi
D:4:      layout_cave_pools, serial_rivers, chequers_serial_rivers_room_b,
          chequers_serial_rivers_micro_d, chequers_serial_rivers_small_a,
          chequers_serial_rivers_micro_d, chequers_serial_rivers_small_a,
          chequers_serial_rivers_room_b, feat_on_display
D:5:      cheibrodos_thug_alley, layout_basic, lemuel_coloured_pillars_altar,
          saegor_snake_ambush

Skill      XL: |  1  2  3  4  5 |
---------------+----------------+-----
Poison Magic   | 3 4 5 |  5.1
Air Magic      | 1 2 3 |  3.0
Dodging        | |  1.7
Stealth        | |  1.7
Spellcasting   | |  1.7
Transmutations | |  0.8

Action                   |  1- 3 |  4- 6 || total
-------------------------+-------+-------++-------
Melee: Short sword       |       |    27 ||    27
 Cast: Sting             |   110 |    63 ||   173
       Poisonous Vapours |       |     2 ||     2
  Use: Scroll            |     4 |       ||     4
Armor: Robe              |    13 |    15 ||    28
Dodge: Dodged            |    33 |    26 ||    59
Block: Other             |     4 |    10 ||    14
